AoeStats
← 874891765

Nomad

505202224Analyzed
2v2 RM · 24d ago on Sep 8, 2026· 40m 33s· 4 players
Game mode
Random Map
Map size
176×176
Population
200
Speed
Normal
Resources
Standard
Victory
Conquest
Starting age
Dark Age
Ending age
Imperial Age
RankedLock teamsTeams togetherTeam positionsShared explorationLock speedFull tech treeHidden civsTurbo modeCheats
Victory
Defeat
🇳🇿 Italians · New Zealand
1071
+13
🇳🇱 Japanese · Netherlands
951
+19
🇩🇪 Koreans · Germany
1017
-16
🇨🇳 Chinese · China
1000
-48
kalocharlie
6:41 Loom
11:44 Feudal Age
12:27 Double-Bit Axe
15:27 Fishing Lines
17:07 Fletching
20:52 Castle Age
19:46 Gold Mining
21:43 Medium Warships
21:29 Bodkin Arrow
21:26 Gillnets
24:57 Wheelbarrow
874891765
18:20 Feudal Age
19:01 Man-at-Arms
20:20 Arson
22:17 Fishing Lines
25:48 Gold Mining
29:30 Castle Age
29:16 Scale Mail Armor
29:45 Stone Mining
30:23 Forging
30:29 Long Swordsman
31:11 Squires
31:30 Elite Skirmisher
32:19 Pikeman
34:14 Fletching
35:12 Thumb Ring
35:44 Horse Collar
36:26 Padded Archer Armor
38:46 Chain Mail Armor
harmensjoerd
17:08 Feudal Age
19:27 Gold Mining
19:27 Stone Mining
19:25 Double-Bit Axe
19:25 Horse Collar
25:34 Castle Age
26:28 Bow Saw
26:21 Heavy Plow
27:00 Gold Shaft Mining
29:45 Wheelbarrow
28:55 Town Watch
28:56 Loom
31:46 Hand Cart
31:32 Town Patrol
37:11 Imperial Age
37:36 Scale Mail Armor
37:46 Forging
37:44 Elite Samurai
38:45 Kataparuto
Wrecking Ball Paul
7:59 Loom
17:08 Feudal Age
21:24 Fishing Lines
22:25 Gold Mining
25:44 Stone Mining
28:21 Castle Age
26:21 Fletching
26:32 Padded Archer Armor
29:50 Crossbowman
31:19 Bodkin Arrow
31:40 Leather Archer Armor
41:19 Wheelbarrow
43:28 Imperial Age
41:12 Thumb Ring
Connection lost

Rejoining the realm…

Still unreachable

The connection could not be restored.

Session expired

The server has moved on; the page needs a fresh start.